TOP OF THE 1ST |
---|
Kalamazoo Royale with Cheese batting - Pitching for Springfield Stars : RHP Kyu-pyeong Pak | Pitching: RHP Kyu-pyeong Pak | | Batting: LHB Keith Tillman | 0-0: Called Strike 0-1: Ball 1-1: Ball 2-1: Swinging Strike 2-2: Strikes out looking | Batting: RHB Zander Tremblett | 0-0: Called Strike 0-1: Ball 1-1: DOUBLE (Line Drive, 7LD) | Batting: LHB Vincente Sáenz | 0-0: Ground out 5-3 (Groundball, 56) | Batting: SHB Caden Keith | 0-0: Ball 1-0: Called Strike 1-1: Foul Ball, location: 2F 1-2: Ground out 4-3 (Groundball, 4) | Top of the 1st over - 0 runs, 1 hit, 0 errors, 1 left on base; Kalamazoo 0 - Springfield 0 | BOTTOM OF THE 1ST |
---|
Springfield Stars batting - Pitching for Kalamazoo Royale with Cheese : LHP Salvador Castro | Pitching: LHP Salvador Castro | | Batting: RHB Norberto Taváres | 0-0: Foul Ball, location: 2F 0-1: Foul Ball, location: 2F 0-2: SINGLE (Line Drive, 89S) | Batting: RHB Juan Carlos Rodríguez | 0-0: Ball 1-0: Called Strike 1-1: Ball 2-1: Foul Ball, location: 2F 2-2: Foul Ball, location: 2F 2-2: Fly out, F6 (Line Drive, 6M) | Batting: LHB Derek Davidson | 0-0: Ball Norberto Taváres steals 2nd base 1-0: Called Strike 1-1: Ball 2-1: Ball 3-1: Foul Ball, location: 2F 3-2: Foul Ball, location: 2F 3-2: Strikes out swinging | Batting: LHB Felipe Guerrero | 0-0: Called Strike 0-1: Ball 1-1: Ball 2-1: Ball 3-1: Swinging Strike 3-2: Strikes out swinging | Bottom of the 1st over - 0 runs, 1 hit, 0 errors, 1 left on base; Kalamazoo 0 - Springfield 0 | TOP OF THE 2ND |
---|
Kalamazoo Royale with Cheese batting - Pitching for Springfield Stars : RHP Kyu-pyeong Pak | Batting: LHB Roberto Sandoval | 0-0: Called Strike 0-1: Swinging Strike 0-2: Ball 1-2: Ball 2-2: Fly out, F3 (Line Drive, 34) | Batting: RHB Jimmy Simon | 0-0: Ball 1-0: Ball 2-0: Called Strike 2-1: Foul Ball, location: 2F 2-2: Ground out 6-3 (Groundball, 6) | Batting: LHB Bill McJannett | 0-0: Called Strike 0-1: Ball 1-1: Ball 2-1: Foul Ball, location: 2F 2-2: Ball 3-2: Foul Ball, location: 2F 3-2: Foul Ball, location: 2F 3-2: Strikes out swinging | Top of the 2nd over - 0 runs, 0 hits, 0 errors, 0 left on base; Kalamazoo 0 - Springfield 0 | BOTTOM OF THE 2ND |
---|
Springfield Stars batting - Pitching for Kalamazoo Royale with Cheese : LHP Salvador Castro | Batting: LHB Elliott Newell | 0-0: Called Strike 0-1: Ground out 6-3 (Groundball, 6) | Batting: RHB Calvin Bennett | 0-0: Ball 1-0: Ground out U3 (Groundball, 3L) | Batting: LHB Mike Pearson | 0-0: Ball 1-0: Ground out 4-3 (Groundball, 4) | Bottom of the 2nd over - 0 runs, 0 hits, 0 errors, 0 left on base; Kalamazoo 0 - Springfield 0 | TOP OF THE 3RD |
---|
Kalamazoo Royale with Cheese batting - Pitching for Springfield Stars : RHP Kyu-pyeong Pak | Batting: SHB Bob Noble | 0-0: Swinging Strike 0-1: Ground out U3 (Groundball, 34) | Batting: LHB Ricardo Romero | 0-0: Called Strike 0-1: Foul Ball, location: 2F 0-2: Strikes out looking and he ARGUES THE CALL AND IS TOSSED! | Batting: LHB Keith Tillman | 0-0: Foul Ball, location: 2F 0-1: Fly out, F9 (Flyball, 9D) | Top of the 3rd over - 0 runs, 0 hits, 0 errors, 0 left on base; Kalamazoo 0 - Springfield 0 | BOTTOM OF THE 3RD |
---|
Springfield Stars batting - Pitching for Kalamazoo Royale with Cheese : LHP Salvador Castro | Now at 1B: Tim Reid | | Batting: RHB Will Sterling | 0-0: DOUBLE (Flyball, 9) | Batting: LHB Jesús Tobías | 0-0: Ball 1-0: Called Strike 1-1: Called Strike 1-2: Fly out, F4 (Line Drive, 4M) | Batting: RHB Norberto Taváres | 0-0: Called Strike 0-1: Ball 1-1: Swinging Strike 1-2: Foul Ball, location: 2F 1-2: Foul Ball, location: 2F 1-2: Ball 2-2: Foul Ball, location: 2F 2-2: Ball 3-2: DOUBLE (Line Drive, 7LM) Will Sterling scores | Batting: RHB Juan Carlos Rodríguez | 0-0: Ball Norberto Taváres steals 3rd base 1-0: Ground out 5-3 (Groundball, 56) Norberto Taváres scores | Batting: LHB Derek Davidson | 0-0: Called Strike 0-1: Ball 1-1: Ball 2-1: Foul Ball, location: 2F 2-2: Strikes out swinging | Bottom of the 3rd over - 2 runs, 2 hits, 0 errors, 0 left on base; Kalamazoo 0 - Springfield 2 | TOP OF THE 4TH |
---|
Kalamazoo Royale with Cheese batting - Pitching for Springfield Stars : RHP Kyu-pyeong Pak | Batting: RHB Zander Tremblett | 0-0: Called Strike 0-1: Foul Ball, location: 2F 0-2: Ground out 4-3 (Groundball, 4MD) | Batting: LHB Vincente Sáenz | 0-0: SINGLE (Line Drive, 3D) | Batting: SHB Caden Keith | 0-0: Fielders Choice at 2nd, 5-4 (Groundball, 56) | Batting: LHB Roberto Sandoval | 0-0: Ball 1-0: Ground out 4-3 (Groundball, 4M) | Top of the 4th over - 0 runs, 1 hit, 0 errors, 1 left on base; Kalamazoo 0 - Springfield 2 | BOTTOM OF THE 4TH |
---|
Springfield Stars batting - Pitching for Kalamazoo Royale with Cheese : LHP Salvador Castro | Batting: LHB Felipe Guerrero | 0-0: Called Strike 0-1: Ball 1-1: Foul Ball, location: 2F 1-2: Strikes out swinging | Batting: LHB Elliott Newell | 0-0: Foul Ball, location: 2F 0-1: Called Strike 0-2: Foul Ball, location: 2F 0-2: Ball 1-2: Strikes out swinging | Batting: RHB Calvin Bennett | 0-0: Foul Ball, location: 2F 0-1: Ball 1-1: Swinging Strike 1-2: Ball 2-2: Foul Ball, location: 2F 2-2: Strikes out swinging | Bottom of the 4th over - 0 runs, 0 hits, 0 errors, 0 left on base; Kalamazoo 0 - Springfield 2 | TOP OF THE 5TH |
---|
Kalamazoo Royale with Cheese batting - Pitching for Springfield Stars : RHP Kyu-pyeong Pak | Batting: RHB Jimmy Simon | 0-0: Called Strike 0-1: SINGLE (Groundball, 6D) | Batting: LHB Bill McJannett | 0-0: Called Strike 0-1: Ball 1-1: Ball 2-1: Foul Ball, location: 2F 2-2: Ball 3-2: Strikes out swinging | Batting: SHB Bob Noble | 0-0: Called Strike 0-1: Called Strike 0-2: Foul Ball, location: 2F 0-2: Ball 1-2: Ground out 4-3 (Groundball, 4S) Jimmy Simon to second | Batting: SHB Tim Reid | 0-0: Foul Ball, location: 2F 0-1: Ball 1-1: Ball 2-1: Swinging Strike 2-2: Foul Ball, location: 2F 2-2: Ball 3-2: Strikes out swinging | Top of the 5th over - 0 runs, 1 hit, 0 errors, 1 left on base; Kalamazoo 0 - Springfield 2 | BOTTOM OF THE 5TH |
---|
Springfield Stars batting - Pitching for Kalamazoo Royale with Cheese : LHP Salvador Castro | Batting: LHB Mike Pearson | 0-0: Foul Ball, location: 2F 0-1: Foul Ball, location: 2F 0-2: Strikes out looking | Batting: RHB Will Sterling | 0-0: Ball 1-0: Called Strike 1-1: Foul Ball, location: 2F 1-2: Strikes out swinging | Batting: LHB Jesús Tobías | 0-0: Foul Ball, location: 2F 0-1: Called Strike 0-2: Ball 1-2: Foul Ball, location: 2F 1-2: Ball 2-2: Ground out 5-3 (Groundball, 2L) | Bottom of the 5th over - 0 runs, 0 hits, 0 errors, 0 left on base; Kalamazoo 0 - Springfield 2 | TOP OF THE 6TH |
---|
Kalamazoo Royale with Cheese batting - Pitching for Springfield Stars : RHP Kyu-pyeong Pak | Batting: LHB Keith Tillman | 0-0: Ground out 4-3 (Groundball, 4) | Batting: RHB Zander Tremblett | 0-0: Called Strike 0-1: Ground out 3-1 (Groundball, 34) | Batting: LHB Vincente Sáenz | 0-0: Ball 1-0: Called Strike 1-1: Swinging Strike 1-2: Strikes out looking | Top of the 6th over - 0 runs, 0 hits, 0 errors, 0 left on base; Kalamazoo 0 - Springfield 2 | BOTTOM OF THE 6TH |
---|
Springfield Stars batting - Pitching for Kalamazoo Royale with Cheese : LHP Salvador Castro | Batting: RHB Norberto Taváres | 0-0: Called Strike 0-1: Ball 1-1: Ball 2-1: DOUBLE (Line Drive, 7LM) | Batting: RHB Juan Carlos Rodríguez | 0-0: Called Strike 0-1: Swinging Strike 0-2: Ball 1-2: Foul Ball, location: 2F 1-2: Ground out 5-3 (Groundball, 56) | Batting: LHB Derek Davidson | 0-0: Ball Wild Pitch! Norberto Taváres to third 1-0: SINGLE (Line Drive, 6) Norberto Taváres scores | Batting: LHB Felipe Guerrero | 0-0: Ball 1-0: Fly out, F5 (Popup, 56) | Pitching: RHP Armen Boyajian | | Batting: LHB Elliott Newell | 0-0: Called Strike Throwing error on steal attempt, E2 Derek Davidson to third 0-1: Ball 1-1: Ball 2-1: Foul Ball, location: 2F 2-2: Foul Ball, location: 2F 2-2: Foul Ball, location: 2F 2-2: Hit by Pitch | Batting: RHB Calvin Bennett | 0-0: Ball 1-0: 3-RUN HOME RUN (Flyball, 9D), Distance : 392 ft | Batting: LHB Mike Pearson | 0-0: Ball 1-0: Called Strike 1-1: Swinging Strike 1-2: Ball 2-2: Ball 3-2: Strikes out swinging | Bottom of the 6th over - 4 runs, 3 hits, 1 error, 0 left on base; Kalamazoo 0 - Springfield 6 | TOP OF THE 7TH |
---|
Kalamazoo Royale with Cheese batting - Pitching for Springfield Stars : RHP Kyu-pyeong Pak | Batting: SHB Caden Keith | 0-0: Ball 1-0: Foul Ball, location: 2F 1-1: Ball 2-1: Ground out 4-3 (Groundball, 34D) | Batting: LHB Roberto Sandoval | 0-0: Ball 1-0: Ball 2-0: Called Strike 2-1: Ball 3-1: Base on Balls | Batting: RHB Jimmy Simon | 0-0: Ball 1-0: Called Strike 1-1: Ball 2-1: Ball 3-1: Called Strike 3-2: Fly out, F6 (Popup, 6M) | Batting: LHB Bill McJannett | 0-0: Ball 1-0: Swinging Strike 1-1: Foul Ball, location: 2F 1-2: Foul Ball, location: 2F 1-2: Ball 2-2: Strikes out swinging | Top of the 7th over - 0 runs, 0 hits, 0 errors, 1 left on base; Kalamazoo 0 - Springfield 6 | BOTTOM OF THE 7TH |
---|
Springfield Stars batting - Pitching for Kalamazoo Royale with Cheese : RHP Armen Boyajian | Batting: RHB Will Sterling | 0-0: Swinging Strike 0-1: Foul Ball, location: 2F 0-2: Foul Ball, location: 2F 0-2: Ball 1-2: Ball 2-2: SINGLE (Groundball, 4MD) | Batting: LHB Jesús Tobías | 0-0: Called Strike 0-1: Grounds into double play, 4-6-3 (Groundball, 4) | Batting: RHB Norberto Taváres | 0-0: Foul Ball, location: 2F 0-1: Ball 1-1: Ball 2-1: Ball 3-1: Foul Ball, location: 2F 3-2: Foul Ball, location: 2F 3-2: Foul Ball, location: 2F 3-2: Ground out 6-3 (Groundball, 56) | Bottom of the 7th over - 0 runs, 1 hit, 0 errors, 0 left on base; Kalamazoo 0 - Springfield 6 | TOP OF THE 8TH |
---|
Kalamazoo Royale with Cheese batting - Pitching for Springfield Stars : RHP Kyu-pyeong Pak | Now at 2B: Dave Henderson | | Now in LF: Gabriel Erwin | | Batting: SHB Bob Noble | 0-0: Ball 1-0: Ground out 5-3 (Groundball, 56) | Batting: SHB Tim Reid | 0-0: Ball 1-0: DOUBLE (Line Drive, 7D) | Batting: LHB Keith Tillman | 0-0: Fly out, F6 (Flyball, 56D) | Batting: RHB Zander Tremblett | 0-0: Foul Ball, location: 2F 0-1: Fly out, F8 (Flyball, 8RS) | Top of the 8th over - 0 runs, 1 hit, 0 errors, 1 left on base; Kalamazoo 0 - Springfield 6 | BOTTOM OF THE 8TH |
---|
Springfield Stars batting - Pitching for Kalamazoo Royale with Cheese : RHP Armen Boyajian | Batting: RHB Juan Carlos Rodríguez | 0-0: Ball 1-0: Ball 2-0: Swinging Strike 2-1: Ball 3-1: Swinging Strike 3-2: Base on Balls | Batting: LHB Derek Davidson | 0-0: Fly out, F9 (Flyball, 89M) | Batting: LHB Felipe Guerrero | 0-0: Ball 1-0: Called Strike 1-1: Called Strike 1-2: Foul Ball, location: 2F 1-2: Strikes out swinging | Batting: LHB Elliott Newell | 0-0: Called Strike 0-1: Foul Ball, location: 2F 0-2: Ball 1-2: Ball 2-2: SINGLE (Flyball, 7S) Juan Carlos Rodríguez to second | Batting: RHB Calvin Bennett | 0-0: Ball 1-0: Ball 2-0: Foul Ball, location: 2F 2-1: Ground out 1-3 (Groundball, 13) | Bottom of the 8th over - 0 runs, 1 hit, 0 errors, 2 left on base; Kalamazoo 0 - Springfield 6 | TOP OF THE 9TH |
---|
Kalamazoo Royale with Cheese batting - Pitching for Springfield Stars : RHP Kyu-pyeong Pak | Batting: LHB Vincente Sáenz | 0-0: Called Strike 0-1: Ball 1-1: Foul Ball, location: 2F 1-2: Ball 2-2: Ground out U3 (Groundball, 3L) | Batting: SHB Caden Keith | 0-0: SINGLE (Line Drive, 8RM) | Batting: LHB Roberto Sandoval | 0-0: Foul Ball, location: 2F 0-1: Foul Ball, location: 2F 0-2: Ball 1-2: Foul Ball, location: 2F 1-2: Foul Ball, location: 2F 1-2: Ball 2-2: SINGLE (Line Drive, 9LS) Caden Keith to second | Pitching: LHP John Livingston | | Batting: RHB Jimmy Simon | 0-0: Foul Ball, location: 2F 0-1: Ball 1-1: Foul Ball, location: 2F 1-2: Ball 2-2: Ball 3-2: Base on Balls Caden Keith to third Roberto Sandoval to second | Batting: LHB Bill McJannett | 0-0: Called Strike 0-1: Ball 1-1: Fly out, F7 (Flyball, 78S) | Batting: SHB Bob Noble | 0-0: Ball 1-0: Ball 2-0: Ball 3-0: Called Strike 3-1: Foul Ball, location: 2F 3-2: Fly out, F7 (Line Drive, 7) | Top of the 9th over - 0 runs, 2 hits, 0 errors, 3 left on base; Kalamazoo 0 - Springfield 6 | |